 Dungeon Crawl Stone Soup version 0.27.1-33-g824d729ab1 (webtiles) character file.

Game seed: 7652747684702692080

177 erik8world the Ruffian (level 5, -7/44 HPs)
             Began as a Ghoul Warper on Dec 20, 2021.
             Mangled by a wight (13 damage)
             ... on level 3 of the Dungeon.
             The game lasted 00:09:38 (3694 turns).

erik8world the Ruffian (Ghoul Warper)               Turns: 3694, Time: 00:09:39

Health: -7/44      AC:  7    Str: 22    XL:     5   Next: 57%
Magic:  6/6        EV: 11    Int:  8    God:
Gold:   126        SH:  5    Dex:  8    Spells: 7/7 levels left

rFire    + + .     SeeInvis .     - Unarmed
rCold    + . .     Faith    .   (no shield)
rNeg     + + +     Spirit   .   n - +2 ring mail {rF+}
rPois    ∞         Reflect  +   (no helmet)
rElec    .         Harm     .   (no cloak)
rCorr    .         Rampage  .   (no gloves)
Will     .....                  (no boots)
Stlth    ..........             p - amulet of reflection
HPRegen  0.00/turn              f - +6 ring of strength
MPRegen  0.10/turn              r - ring of protection from fire

@: mighty, flying, inhibited regen
A: claws 1, cold resistance 1, negative energy resistance 3, inhibited
regeneration, torment resistance 2
a: no special abilities


You were on level 3 of the Dungeon.
You visited 1 branch of the dungeon, and saw 4 of its levels.

You collected 126 gold pieces.

Inventory:

Hand Weapons
 l - a +5 spear
Missiles
 c - 2 boomerangs of dispersal
 e - 5 silver javelins (quivered)
Armour
 a - a +0 leather armour
 n - a +2 ring mail of fire resistance (worn)
Jewellery
 f - a +6 ring of strength (left claw)
 k - a ring of wizardry
 p - an amulet of reflection (around neck)
 r - a ring of protection from fire (right claw)
Scrolls
 b - a scroll of blinking
 g - a scroll of teleportation


   Skills:
 * Level 2.8 Fighting
 * Level 1.9 Throwing
 * Level 2.0 Armour
 * Level 2.7 Dodging
 + Level 0.3 Stealth
 * Level 3.9 Unarmed Combat
 + Level 1.8 Spellcasting
 + Level 2.7 Translocations


You had 7 spell levels left.
You didn't know any spells.
Your spell library contained the following spells:

 Spells                   Type           Power      Damage    Failure   Level
 Blink                    Tloc           N/A        N/A       28%         2
 Gell's Gravitas          Tloc           2%         N/A       50%         3
 Lesser Beckoning         Tloc           2%         N/A       50%         3
 Teleport Other           Tloc           5%         N/A       50%         3
 Portal Projectile        Hex/Tloc       4%         N/A       69%         3
 Iskenderun's Mystic Bla  Conj/Tloc      2%         2d3       97%         4
 Fulminant Prism          Conj/Hex       0%         3d6       99%         4
 Manifold Assault         Tloc           5%         N/A       99%         5
 Excruciating Wounds      Necr           0%         N/A       100%        5
 Lee's Rapid Deconstruct  Erth           0%         3d5*      100%        5
 Blade Hands              Tmut           Unusable   N/A       N/A         5

Dungeon Overview and Level Annotations

Branches:
Dungeon (4/15)
 Temple: D:4-7

Altars:

Shops:
D:2 *


Innate Abilities, Weirdness & Mutations

You thrive by killing the living.
You are immune to poison.
You have sharp fingernails.
Your flesh is cold resistant. (rC+)
You are immune to negative energy. (rN+++)
You do not regenerate when monsters are visible.
You are immune to unholy pain and torment.


Message History

An orc comes into view. It is wielding a +0 short sword.
An endoplasm and a wight come into view.
The wight is wielding a +4 flail and wearing a +1 robe of the Archmagi.
The endoplasm quivers.
You closely miss the orc. You claw the orc!
You kill the orc!
A wight comes into view. It is wielding a +3 long sword.
The wight barely misses you.
You see here a +0 short sword.
You barely miss the wight. You block the wight's attack.
The endoplasm hits you but does no damage.
The wight hits you with a +4 flail. The endoplasm hits you.
The wight hits you but does no damage. The wight hits you with a +4 flail!
You block the wight's attack. The wight misses you.
The wight hits you with a +4 flail.
You claw the endoplasm!
You kill the endoplasm!
You feel better. The wight hits you with a +4 flail!
You block the wight's attack.
Your Armour skill increases to level 2!
The wight barely misses you. The wight hits you but does no damage.
An orc comes into view. It is wielding a +0 club.
A wight comes into view. It is wielding a +0 spear.
An orc comes into view. It is wielding a +0 whip.
There is an escape hatch in the ceiling here.
The wight closely misses you.
The wight hits you with a +3 long sword!
* * * LOW HITPOINT WARNING * * *
A mysterious force pulls you upwards. The hatch slams shut behind you.
You feel your willpower return.
You claw the wight!
The wight is severely damaged.
Your hearing returns.
The wight hits you with a +4 flail.
* * * LOW HITPOINT WARNING * * *
The wight hits you with a +3 long sword!
You die...

.#....#.................#.#......
.#....#....#######..###.#.#.#.#..
####..#...................#.#.#..
.#....#############.###.#.#.#.#.#
#'##### ##### #.###.#.#.#.#.. ..#
######...# #..##.#.#.#.### .##
#......#.###<........#...# ##
#......#.........#.......#
#......#z@####†#####.#.#.#
#############.#..z.....# #.#.#.#
....#.......#..........# #.#.#.#
....#.......#.....<....## #.#....
....#.......#...........# #)#....
....#.......#...........# #.#....
....#...)............##.###.#....
##########......#######..##......
#####......# ##.##....##


You could see 2 wights.

Vanquished Creatures
  Terence (D:2)
  A hound skeleton (D:4)
  6 adders
  3 dart slugs
  4 orcs
  8 bats
  4 endoplasms
  9 goblins
  10 hobgoblins
  2 jackals (D:1)
  5 kobolds
  2 quokkas
  8 ball pythons
  A frilled lizard (D:2)
  12 rats
76 creatures vanquished.

Notes
Turn   | Place    | Note
-------+----------+-------------------------------------------
     0 | D:1      | erik8world the Ghoul Warper began the quest for the Orb.
     0 | D:1      | Reached XP level 1. HP: 17/17 MP: 2/2
    85 | D:1      | Reached skill level 1 in Throwing
   341 | D:1      | Reached XP level 2. HP: 24/24 MP: 3/3
   385 | D:1      | Reached skill level 1 in Armour
   791 | D:1      | Reached XP level 3. HP: 25/30 MP: 4/4
  1068 | D:2      | Found Ustroute's Assorted Antiques.
  1255 | D:2      | Reached XP level 4. HP: 26/37 MP: 5/5
  1494 | D:2      | Reached skill level 3 in Unarmed Combat
  2584 | D:3      | Noticed Terence
  2608 | D:2      | Killed Terence
  2609 | D:2      | Reached XP level 5. HP: 8/42 MP: 6/6
  3252 | D:3      | Found a faded altar of an unknown god.
  3694 | D:3      | Mangled by a wight

Illustrated notes

Levels and vault maps discovered:
D:1:      dpeg_arrival_snail, layout_basic, minmay_pentomino_r4
D:2:      layout_loops_cross, serial_shops, shop, guppyfry_early_orc_mine
D:3:      layout_basic, shapermc_ecumenical_altar_notcrosses, uniq_terence
D:4:      layout_rooms, uniq_menkaure

Skill      XL: |  1  2  3  4  5 |
---------------+----------------+-----
Throwing       | 1 |  1.9
Dodging        | 2 |  2.7
Armour         | 1 2 |  2.0
Unarmed Combat | 3 |  3.9
Fighting       | |  2.8
Stealth        | |  0.3
Spellcasting   | |  1.8
Translocations | |  2.7

Action                   |  1- 3 |  4- 6 || total
-------------------------+-------+-------++-------
Melee: Unarmed           |    83 |   134 ||   217
       Punch             |     1 |       ||     1
Throw: Javelin           |    17 |     3 ||    20
       Boomerang         |     3 |       ||     3
  Use: Scroll            |       |     5 ||     5
       Potion            |       |     3 ||     3
Armor: Leather armour    |    24 |    33 ||    57
       Ring mail         |       |    43 ||    43
Dodge: Dodged            |    52 |   118 ||   170
Block: Other             |       |     9 ||     9
